 Dungeon Crawl Stone Soup version 0.27.1-3-gb3d3a73c9e (webtiles) character file.

Game seed: 5692253429578955011

210 Gabide the Charlatan (level 6, 0/44 HPs)
             Began as a Human Artificer on Oct 29, 2021.
             Was a Follower of Zin.
             Slain by a bat (1 damage)
             ... summoned by Eustachio
             ... on level 4 of the Dungeon.
             The game lasted 00:04:22 (2784 turns).

Gabide the Charlatan (Human Artificer)              Turns: 2784, Time: 00:04:22

Health: 0/44       AC:  4    Str: 14    XL:     6   Next: 12%
Magic:  6/6        EV: 12    Int: 12    God:    Zin [*.....]
Gold:   73         SH:  0    Dex: 13    Spells: 5/5 levels left

rFire    . . .     SeeInvis .   a - +0 club (vorpal)
rCold    . . .     Faith    .   (no shield)
rNeg     . . .     Spirit   .   b - +1 leather armour
rPois    .         Reflect  .   (no helmet)
rElec    .         Harm     .   (no cloak)
rCorr    .         Rampage  .   (no gloves)
Will     .....                  (no boots)
Stlth    +.........             (no amulet)
HPRegen  0.14/turn              (no ring)
MPRegen  0.10/turn              (no ring)

@: about to teleport
A: no striking features
a: Renounce Religion, Recite, Donate Gold


You were on level 4 of the Dungeon.
You worshipped Zin.
Zin was aware of your devotion.
You visited 1 branch of the dungeon, and saw 4 of its levels.

You collected 81 gold pieces.
You donated 8 gold pieces to Zin.

Inventory:

Hand Weapons
 a - a +0 vorpal club (weapon)
Armour
 b - a +1 leather armour (worn)
Wands
 d - a wand of charming (15) (quivered)
 i - a wand of iceblast (7)
Scrolls
 c - a scroll of teleportation
Potions
 g - a potion of mutation {unknown}
 h - a potion of curing {unknown}


   Skills:
 + Level 1.7 Fighting
 * Level 3.1 Maces & Flails
 + Level 2.8 Armour
 + Level 2.1 Dodging
 - Level 1.0 Stealth
 + Level 4.2 Evocations


You had 5 spell levels left.
You didn't know any spells.
Your spell library was empty.

Dungeon Overview and Level Annotations

Branches:
Dungeon (4/15)
 Temple: D:4-7

Altars:
Zin

Shops:
D:2 (

Annotations:
D:4 Eustachio


Message History

The bat completely misses you. The river rat barely misses you.
Eustachio hits you with a +3 rapier! The bat hits you but does no damage.
The river rat misses you.
You hit Eustachio.
Eustachio is moderately wounded.
The bat misses you. x2; The bat hits you but does no damage. x2
Eustachio hits you with a +3 rapier. The river rat bites you.
You hit Eustachio but do no damage.
Eustachio is moderately wounded.
The bat closely misses you. x3; Eustachio hits you with a +3 rapier!
The river rat bites you!
* * * LOW HITPOINT WARNING * * *
You are too injured to fight recklessly!
You are too injured to fight recklessly!
You are too injured to fight recklessly!
You are too injured to fight recklessly!
You are too injured to fight recklessly!
You are too injured to fight recklessly!
You are too injured to fight recklessly!
You are too injured to fight recklessly!
You are too injured to fight recklessly!
You are too injured to fight recklessly!
You are too injured to fight recklessly!
You are too injured to fight recklessly!
It was a potion of cancellation.
You feel magically purged. The bat misses you. The bat barely misses you.
The bat hits you but does no damage. Eustachio hits you with a +3 rapier.
* * * LOW HITPOINT WARNING * * *
The river rat twitches its whiskers.
The river rat closely misses you.
As you read the scroll of teleportation, it crumbles to dust.
You feel strangely unstable. The bat misses you. The bat hits you.
* * * LOW HITPOINT WARNING * * *
Eustachio barely misses you. The bat closely misses you. The bat hits you.
* * * LOW HITPOINT WARNING * * *
The river rat bites you but does no damage.
The bat hits you but does no damage. x2; The river rat closely misses you.
The bat hits you but does no damage. The bat hits you.
You die...

######################
≈≈≈≈≈≈≈≈≈≈≈≈≈≈≈≈≈≈≈≈≈≈
≈≈≈≈≈≈≈≈≈≈≈≈≈≈≈≈≈≈≈≈≈≈
≈≈≈≈≈≈≈≈≈≈≈≈≈≈≈≈≈≈≈≈≈≈≈
≈.≈≈.≈≈...[≈≈≈≈≈.≈.≈..≈
...............b.......
............@r.b.......
...........$.b@..>.##
.##.....###.###.#.## #.
#.....# #.# .# .. #.
#.....###.# .# .#
#.##.........# .#
#......####..# .#
#......# #..# .#
#......# #..# ..
##......#


You could see Eustachio, a river rat (summoned) and 3 bats.

Vanquished Creatures
  Sigmund (D:3)
  An adder (D:2)
  A worm (D:2)
  3 dart slugs
  5 endoplasms
  A giant cockroach (D:2)
  2 goblins (D:1)
  3 hobgoblins
  4 jackals (D:2)
  2 quokkas
  5 ball pythons
  4 bats
  3 frilled lizards
  6 kobolds
  3 rats
44 creatures vanquished.

Notes
Turn   | Place    | Note
-------+----------+-------------------------------------------
     0 | D:1      | Gabide the Human Artificer began the quest for the Orb.
     0 | D:1      | Reached XP level 1. HP: 15/15 MP: 1/1
   132 | D:1      | Reached XP level 2. HP: 9/21 MP: 2/2
   134 | D:1      | HP: 1/21 [goblin (3)]
  1272 | D:2      | Reached XP level 3. HP: 21/26 MP: 3/3
  1732 | D:2      | Reached skill level 1 in Maces & Flails
  2052 | D:2      | Reached skill level 4 in Evocations
  2052 | D:2      | Reached XP level 4. HP: 30/32 MP: 4/4
  2213 | D:2      | Found Vuqiar's Antique Weapon Shop.
  2637 | D:3      | Noticed Sigmund
  2642 | D:3      | Killed Sigmund
  2643 | D:3      | Reached XP level 5. HP: 33/38 MP: 5/5
  2643 | D:3      | Reached XP level 6. HP: 39/44 MP: 6/6
  2705 | D:3      | Found a faded altar of an unknown god.
  2712 | D:3      | Became a worshipper of Zin the Law-Giver
  2712 | D:3      | Reached * piety under Zin
  2761 | D:4      | Noticed Eustachio
  2782 | D:4      | HP: 2/44 [bat[Eustachio] (1)]
  2784 | D:4      | Slain by a bat

Illustrated notes

Levels and vault maps discovered:
D:1:      lemuel_arrival_muddy, layout_basic, solitary_fountain
D:2:      layout_basic, serial_shops, nicolae_square_shop
D:3:      minmay_evil_eye, layout_basic,
          shapermc_ecumenical_altar_mp_ritualfount, uniq_sigmund
D:4:      minmay_goblin_kobold_castle, layout_basic,
          nicolae_wu_jian_glorious_leap, ashenzari_altar_1, serial_forest,
          infiniplex_forest_clump_small, infiniplex_forest_lined_3,
          infiniplex_forest_clump_curved, infiniplex_forest_clump_large,
          infiniplex_forest_3_way, infiniplex_forest_lined_4_way,
          kennysheep_generic_room_7, uniq_pikel, uniq_eustachio, uniq_ijyb,
          uniq_blork_the_orc

Skill      XL: |  1  2  3  4 |
---------------+-------------+-----
Maces & Flails | 1 3 |  3.1
Evocations     | 4 |  4.2
Dodging        | 2 |  2.1
Fighting       | |  1.7
Armour         | |  2.8
Stealth        | |  1.0

Action                   |  1- 3 |  4- 6 || total
-------------------------+-------+-------++-------
Melee: Club              |   109 |    54 ||   163
Evoke: Wand              |    15 |     2 ||    17
  Use: Scroll            |     7 |     2 ||     9
       Potion            |       |     1 ||     1
 Stab: Sleeping          |     1 |       ||     1
Armor: Leather armour    |    66 |    28 ||    94
Dodge: Dodged            |    94 |    70 ||   164
